 Dungeon Crawl Stone Soup version 0.31-a0-236-g9a0961fb85 (webtiles) character file.

Game seed: 18381255156159219805

40 sakkuzi the Grave Robber (level 3, -3/26 HPs)
             Began as a Ghoul Necromancer on July 10, 2023.
             Slain by an orc
             ... wielding a +2 heavy mace
              (12 damage)
             ... on level 2 of the Dungeon.
             The game lasted 00:05:39 (1590 turns).

sakkuzi the Grave Robber (Ghoul Necromancer)        Turns: 1590, Time: 00:05:39

Health: -3/26      AC:  2    Str: 11    XL:     3   Next: 50%
Magic:  4/5        EV: 12    Int: 12    God:
Gold:   39         SH:  0    Dex:  9    Spells: 5/6 levels left

rFire   . .          .
                       - Unarmed
rCold   + . .        (no shield)
rNeg    + + +        a - +0 robe
rPois   ∞            (no helmet)
rElec   .            (no cloak)
rCorr   +            (no gloves)
SInv    .            (no boots)
Will    .....        i - amulet of the acrobat
Stlth   ++           e - ring of resist corrosion
HPRegen 0.00/turn    (no ring)
MPRegen 0.09/turn

%: acrobat
@: inhibited regen
A: claws 1, cold resistance 1, negative energy resistance 3, inhibited
regeneration, torment resistance 2, devour on kill
a: no special abilities


You were on level 2 of the Dungeon.
You visited 1 branch of the dungeon, and saw 2 of its levels.

You collected 39 gold pieces.

Inventory:

Armour
 a - a +0 robe (worn)
Jewellery
 e - a ring of resist corrosion (left claw)
 i - an amulet of the acrobat (around neck)
Scrolls
 c - 2 scrolls of teleportation {unknown}
 d - 6 scrolls of identify {unknown}
 f - a scroll of enchant weapon {unknown}
 g - a scroll of blinking {unknown}
 h - a scroll of brand weapon {unknown}
Potions
 b - a potion of magic
 j - a potion of curing {unknown}


   Skills:
 - Level 1.7 Dodging
 - Level 2.1 Stealth
 * Level 2.3 Unarmed Combat
 + Level 2.2 Spellcasting
 + Level 4.2 Necromancy


You had 5 spell levels left.
You knew the following spells:

 Your Spells              Type           Power      Damage    Failure   Level
a - Necrotise             Necr           44%        1d6       4%          1

Your spell library contained the following spells:

 Spells                   Type           Power      Damage    Failure   Level
 Vampiric Draining        Necr           11%        2d6       14%         3
 Animate Dead             Necr           11%        N/A       41%         4
 Agony                    Necr           11%        N/A       77%         5


Dungeon Overview and Level Annotations

Branches:
Dungeon (2/15)

Altars:

Annotations:
D:2 Sigmund


Innate Abilities, Weirdness & Mutations

You are immune to poison.
You have sharp fingernails.
Your flesh is cold resistant. (rC+)
You are immune to negative energy. (rN+++)
You do not regenerate when monsters are visible.
You are immune to unholy pain and torment.
You thrive by killing the living.


Message History

The frilled lizard hisses angrily.
The orc hits you with a +0 dagger. The orc attacks as you move away!
The orc barely misses you. The orc attacks as you move away!
The orc completely misses you.
An orc comes into view. It is wielding a +0 dagger.
The orc attacks as you move away! The orc barely misses you.
A dart slug comes into view.
A hobgoblin comes into view.
A hobgoblin comes into view.
The hobgoblin shouts! x2
You scratch the hobgoblin.
The hobgoblin is almost dead.
The hobgoblin hits you.
You barely miss the hobgoblin.
The hobgoblin is almost dead.
The hobgoblin hits you.
You scratch the hobgoblin.
You kill the hobgoblin!
The orc hits you with a +0 dagger.
You closely miss the hobgoblin. The hobgoblin hits you.
The orc hits you but does no damage.
You scratch the hobgoblin.
The hobgoblin is heavily wounded.
The hobgoblin completely misses you. The orc hits you with a +0 dagger.
Casting: Necrotise (safe; 4% risk of failure)
Confirm with . or Enter, or press ? or * to list all spells.
Aiming: Necrotise (safe; 4% risk of failure)
Press: ? - help, Shift-Dir - straight line, f - hobgoblin
Aim: a hobgoblin (heavily wounded, chance to affect: 80%)
The hobgoblin writhes in agony.
You kill the hobgoblin!
The dead are walking!
The orc completely misses you.
You see here a hobgoblin corpse.
The orc attacks as you move away! The orc misses you.
Your hobgoblin skeleton hits the orc.
You claw the orc!
You kill the orc!
Your hobgoblin skeleton closely misses the orc.
You barely miss the orc. The orc hits you with a +2 heavy mace!
You die...

##..#...#.#
.....o.o..#
.#.$#...#l########
.#..#####.o.oo.w.#
.......w.######.#
.....##### #l#
####. ####o#######
#..Zo......#
#.##@#.###.# ..
#.#.# ... #.. . ..
#.#..# . #.#..#
... .. ### ..# .#


You could see a dart slug, 2 orcs, a frilled lizard and a friendly hobgoblin
skeleton.

Vanquished Creatures
  An adder (D:2)
  A dart slug (D:1)
  An orc (D:2)
  2 endoplasms (D:1)
  3 goblins
  2 hobgoblins (D:2)
  2 jackals (D:1)
  A quokka (D:1)
  4 ball pythons (D:1)
  2 bats (D:1)
  2 frilled lizards (D:1)
  A kobold (D:1)
  3 rats (D:1)
25 creatures vanquished.

Vanquished Creatures (collateral kills)
  2 bats (D:1)
2 creatures vanquished.

Grand Total: 27 creatures vanquished

Notes
Turn   | Place    | Note
-------+----------+-------------------------------------------
     0 | D:1      | sakkuzi the Ghoul Necromancer began the quest for the Orb.
     0 | D:1      | Reached XP level 1. HP: 14/14 MP: 2/2
   185 | D:1      | Found a faded altar of an unknown god.
   235 | D:1      | Reached skill level 1 in Unarmed Combat
   324 | D:1      | Reached XP level 2. HP: 20/20 MP: 0/3
  1023 | D:1      | Reached XP level 3. HP: 26/26 MP: 3/5
  1428 | D:2      | Noticed Sigmund
  1590 | D:2      | Slain by an orc

Illustrated notes

Levels and vault maps discovered:
D:1:      elethiomel_arrival_shortcut, layout_loops_corners,
          dreamdust_ecumenical_altar_grove
D:2:      layout_loops_cross, minmay_goblin_outpost, uniq_jessica, uniq_sigmund

Skill      XL: |  1  2  3 |
---------------+----------+-----
Unarmed Combat | 1 2 |  2.3
Spellcasting   | 2 |  2.2
Dodging        | |  1.7
Stealth        | |  2.1
Necromancy     | |  4.2

Action                     || total
---------------------------++-------
  Melee: Unarmed           ||    52
   Cast: Necrotise         ||    25
   Stab: Sleeping          ||     1
 Armour: Robe              ||     6
  Dodge: Dodged            ||    48

Table legend: (Time is in decaauts)
 A = Elapsed time spent in this place.
 B = Non-inter-level travel time spent in this place.
 C = Inter-level travel time spent in this place.
 D = Time resting spent in this place.
 E = Time spent auto-exploring this place.
 F = Levels seen in this place.
 G = Mean time per level.
                   A        B        C        D        E       F      G
               +--------+--------+--------+--------+--------+-----+--------+
         Total |   1589 |   1541 |     48 |    230 |    724 |   2 |  794.5 |
       Dungeon |   1589 |   1541 |     48 |    230 |    724 |   2 |  794.5 |
               +--------+--------+--------+--------+--------+-----+--------+

Top non-repeatable levels by time:
     D:1: 1480 daAuts
     D:2: 109 daAuts
